Workbook
Name \i: #REF!
Name \i: #REF!
Name ____xlnm.Print_Area_2: #REF!
Name ____xlnm.Print_Area_2: #REF!
Name ____xlnm.Print_Area_2: #REF!
Name ____xlnm.Print_Area_3: #REF!
Name ____xlnm.Print_Area_3_1: #REF!
Name ____xlnm.Print_Titles_2: #REF!
Name ____xlnm.Print_Titles_3: #REF!
Name ___xlnm.Print_Area_2: #REF!
Name ___xlnm.Print_Area_3: #REF!
Name ___xlnm.Print_Area_3_1: #REF!
Name ___xlnm.Print_Titles_2: #REF!
Name ___xlnm.Print_Titles_3: #REF!
Name __Anonymous_Sheet_DB__0: [1]PLANILHA_SINTÉTICA!#REF!
Name __Anonymous_Sheet_DB__0: [1]PLANILHA_SINTÉTICA!#REF!
Name __Anonymous_Sheet_DB__0: [2]PLANILHA_SINTÉTICA!#REF!
Name __xlnm.Print_Area_1: #REF!
Name __xlnm.Print_Area_1: #REF!
Name __xlnm.Print_Area_1: #REF!
Name __xlnm.Print_Area_2: #REF!
Name __xlnm.Print_Area_2: #REF!
Name __xlnm.Print_Area_2: #REF!
Name __xlnm.Print_Area_2: #REF!
Name __xlnm.Print_Area_3: #REF!
Name __xlnm.Print_Area_3: #REF!
Name __xlnm.Print_Area_3_1: #REF!
Name __xlnm.Print_Titles_1: #REF!
Name __xlnm.Print_Titles_2: #REF!
Name __xlnm.Print_Titles_3: #REF!
Name _R10P: #REF!
Name _R10P: #REF!
Name _R10P: #REF!
Name _R10P: #REF!
Name _R10R: #REF!
Name _R10R: #REF!
Name _R10R: #REF!
Name _R10R: #REF!
Name _R11P: #REF!
Name _R11P: #REF!
Name _R11P: #REF!
Name _R11P: #REF!
Name _R11R: #REF!
Name _R11R: #REF!
Name _R11R: #REF!
Name _R12P: #REF!
Name _R12P: #REF!
Name _R12P: #REF!
Name _R12R: #REF!
Name _R12R: #REF!
Name _R12R: #REF!
Name _R13P: #REF!
Name _R13P: #REF!
Name _R13P: #REF!
Name _R13R: #REF!
Name _R13R: #REF!
Name _R13R: #REF!
Name _R14P: #REF!
Name _R14P: #REF!
Name _R14P: #REF!

Sheet MODELO DE PROPOSTA
B2: LICITANTE: Preencher com o valor do desconto | E2: DESCONTO | F2: 0
A4: CCU. COD. | B4: ITEM | C4: DESCRIÇÃO | D4: PREÇO MÁXIMO DE REFERÊNCIA (sem BDI) | E4: PREÇO MÁXIMO DE REFERÊNCIA COM BDI | F4: PROPOSTA LICITANTE COM BDI
B6: PR-1 | C6: Execução da ampliação do Píer Público de Granéis Líquidos (PPGL), incluindo a nova estrutura dos Pipe Rack, um dolfim de amarração, dois dolfins de atracação e nova plataforma de operação | E6: =SUM(E8,E17,E24,E31,E38,E46,E53,E56,E65,E68,E76,E79,E86) -> 1.1399424e+08 | F6: =SUM(F8,F17,F24,F31,F38,F46,F53,F56,F65,F68,F76,F79,F86) -> 1.1399424e+08
B8: 1 | C8: SERVIÇOS PRELIMINARES | D8: =SUM(D9:D16) -> 10346808 | E8: =SUM(E9:E16) -> 13479821 | F8: =SUM(F9:F16) -> 13479821
A9: CPU00001 | B9: 1.1 | C9: Instalação de canteiro de obras | D9: 259606.21 | E9: =D9+(D9*BDI!$D$24) -> 338214.97 | F9: =E9*(1-$F$2) -> 338214.97
A10: CPU00003 | B10: 1.2 | C10: Mobilização de equipamentos | D10: 309663.77 | E10: =D10+(D10*BDI!$D$24) -> 403429.96 | F10: =E10*(1-$F$2) -> 403429.96
A11: CPU00004 | B11: 1.3 | C11: Projeto executivo e levantamentos | D11: =1502379.1+5460 -> 1507839.1 | E11: =D11+(D11*BDI!$D$24) -> 1964412.8 | F11: =E11*(1-$F$2) -> 1964412.8
B12: 1.4 | C12: Manutenção do canteiro, Est. Temporárias e Administração local | D12: =2593723+3094284+685212.5 -> 6373219.5 | E12: =D12+(D12*BDI!$D$24) -> 8303030.4 | F12: =E12*(1-$F$2) -> 8303030.4
B13: 1.5 | C13: Monitoramento ambiental | D13: 1012517 | E13: =D13+(D13*BDI!$D$24) -> 1319107.1 | F13: =E13*(1-$F$2) -> 1319107.1
B14: 1.6 | C14: Medidas de controle de segurança | D14: 361140 | E14: =D14+(D14*BDI!$D$24) -> 470493.19 | F14: =E14*(1-$F$2) -> 470493.19
B15: 1.7 | C15: Serviços de prontidão ambiental | D15: 380000 | E15: =D15+(D15*BDI!$D$24) -> 495064 | F15: =E15*(1-$F$2) -> 495064
B16: 1.8 | C16: Recursos e equipamentos - atendimento a emergência ambiental | D16: 142822.28 | E16: =D16+(D16*BDI!$D$24) -> 186068.87 | F16: =E16*(1-$F$2) -> 186068.87
B17: 2 | C17: DOLFIM DE AMARRAÇÃO (DAM-01) | D17: =SUM(D18:D23) -> 5343387.1 | E17: =SUM(E18:E23) -> 6961364.7 | F17: =SUM(F18:F23) -> 6961364.7
B18: 2.1 | C18: Dolfim - Fundações - Fabricação e Fornecimento | D18: 2077880 | E18: =D18+(D18*BDI!$D$24) -> 2707062.1 | F18: =E18*(1-$F$2) -> 2707062.1
B19: 2.2 | C19: Dolfim - Fundações - Cravação | D19: 2274645 | E19: =D19+(D19*BDI!$D$24) -> 2963407.4 | F19: =E19*(1-$F$2) -> 2963407.4
B20: 2.3 | C20: Dolfim - Fundações - Arrasamento | D20: 35568 | E20: =D20+(D20*BDI!$D$24) -> 46337.99 | F20: =E20*(1-$F$2) -> 46337.99
B21: 2.4 | C21: Dolfim - Fundações - Armadura | D21: 170940 | E21: =D21+(D21*BDI!$D$24) -> 222700.63 | F21: =E21*(1-$F$2) -> 222700.63
B22: 2.5 | C22: Dolfim - Fundações - Concretagem | D22: 71204.22 | E22: =D22+(D22*BDI!$D$24) -> 92764.858 | F22: =E22*(1-$F$2) -> 92764.858
B23: 2.6 | C23: Dolfim - Superestrutura e Ensaios de prova de carga | D23: 713149.9 | E23: =D23+(D23*BDI!$D$24) -> 929091.69 | F23: =E23*(1-$F$2) -> 929091.69
B24: 3 | C24: DOLFIM DE ATRACAÇÃO (DAT-02) | D24: =SUM(D25:D30) -> 4696672.3 | E24: =SUM(E25:E30) -> 6118824.7 | F24: =SUM(F25:F30) -> 6118824.7
B25: 3.1 | C25: Dolfim - Fundações - Fabricação e Fornecimento | D25: 1898909 | E25: =D25+(D25*BDI!$D$24) -> 2473898.7 | F25: =E25*(1-$F$2) -> 2473898.7
B26: 3.2 | C26: Dolfim - Fundações - Cravação | D26: 2078678.3 | E26: =D26+(D26*BDI!$D$24) -> 2708102.1 | F26: =E26*(1-$F$2) -> 2708102.1
B27: 3.3 | C27: Dolfim - Fundações - Arrasamento | D27: 29640 | E27: =D27+(D27*BDI!$D$24) -> 38614.992 | F27: =E27*(1-$F$2) -> 38614.992
B28: 3.4 | C28: Dolfim - Fundações - Armadura | D28: 146520 | E28: =D28+(D28*BDI!$D$24) -> 190886.26 | F28: =E28*(1-$F$2) -> 190886.26
B29: 3.5 | C29: Dolfim - Fundações - Concretagem | D29: 59333.768 | E29: =D29+(D29*BDI!$D$24) -> 77300.033 | F29: =E29*(1-$F$2) -> 77300.033
B30: 3.6 | C30: Dolfim - Superestrutura e Ensaios de prova de carga | D30: 483591.19 | E30: =D30+(D30*BDI!$D$24) -> 630022.6 | F30: =E30*(1-$F$2) -> 630022.6
B31: 4 | C31: DOLFIM DE ATRACAÇÃO (DAT-03) | D31: =SUM(D32:D37) -> 4696672.3 | E31: =SUM(E32:E37) -> 6118824.7 | F31: =SUM(F32:F37) -> 6118824.7
B32: 4.1 | C32: Dolfim - Fundações - Fabricação e Fornecimento | D32: 1898909 | E32: =D32+(D32*BDI!$D$24) -> 2473898.7 | F32: =E32*(1-$F$2) -> 2473898.7
B33: 4.2 | C33: Dolfim - Fundações - Cravação | D33: 2078678.3 | E33: =D33+(D33*BDI!$D$24) -> 2708102.1 | F33: =E33*(1-$F$2) -> 2708102.1
B34: 4.3 | C34: Dolfim - Fundações - Arrasamento | D34: 29640 | E34: =D34+(D34*BDI!$D$24) -> 38614.992 | F34: =E34*(1-$F$2) -> 38614.992
B35: 4.4 | C35: Dolfim - Fundações - Armadura | D35: 146520 | E35: =D35+(D35*BDI!$D$24) -> 190886.26 | F35: =E35*(1-$F$2) -> 190886.26
B36: 4.5 | C36: Dolfim - Fundações - Concretagem | D36: 59333.768 | E36: =D36+(D36*BDI!$D$24) -> 77300.033 | F36: =E36*(1-$F$2) -> 77300.033
B37: 4.6 | C37: Dolfim - Superestrutura e Ensaios de prova de carga | D37: 483591.19 | E37: =D37+(D37*BDI!$D$24) -> 630022.6 | F37: =E37*(1-$F$2) -> 630022.6
B38: 5 | C38: PLATAFORMA DE OPERAÇÕES | D38: =SUM(D39:D45) -> 18099236 | E38: =SUM(E39:E45) -> 23579684 | F38: =SUM(F39:F45) -> 23579684
B39: 5.1 | C39: Fundações - Fabricação e Fornecimento | D39: 4684878.6 | E39: =D39+(D39*BDI!$D$24) -> 6103459.9 | F39: =E39*(1-$F$2) -> 6103459.9
B40: 5.2 | C40: Fundações - Cravação | D40: 5128355.5 | E40: =D40+(D40*BDI!$D$24) -> 6681221.6 | F40: =E40*(1-$F$2) -> 6681221.6
B41: 5.3 | C41: Fundações - Arrasamento | D41: 77064 | E41: =D41+(D41*BDI!$D$24) -> 100398.98 | F41: =E41*(1-$F$2) -> 100398.98
B42: 5.4 | C42: Fundações - Armadura | D42: 371184 | E42: =D42+(D42*BDI!$D$24) -> 483578.52 | F42: =E42*(1-$F$2) -> 483578.52
B43: 5.5 | C43: Fundações - Concretagem | D43: 155832.03 | E43: =D43+(D43*BDI!$D$24) -> 203017.97 | F43: =E43*(1-$F$2) -> 203017.97
B44: 5.6 | C44: Dolfim - Superestrutura (pré-moldados) | D44: 4096631.8 | E44: =D44+(D44*BDI!$D$24) -> 5337091.9 | F44: =E44*(1-$F$2) -> 5337091.9
B45: 5.7 | C45: Dolfim - Superestrutura (in-loco), ensaios de prova de carga e junta de dilatação | D45: 3585289.5 | E45: =D45+(D45*BDI!$D$24) -> 4670915.2 | F45: =E45*(1-$F$2) -> 4670915.2
B46: 6 | C46: BLOCOS DE APOIO DAS PASSARELAS | D46: =SUM(D47:D52) -> 672073.94 | E46: =SUM(E47:E52) -> 875577.93 | F46: =SUM(F47:F52) -> 875577.93
B47: 6.1 | C47: Fundações - Fabricação e Fornecimento | D47: 278634.8 | E47: =D47+(D47*BDI!$D$24) -> 363005.41 | F47: =E47*(1-$F$2) -> 363005.41
B48: 6.2 | C48: Fundações - Cravação | D48: 305000 | E48: =D48+(D48*BDI!$D$24) -> 397354.01 | F48: =E48*(1-$F$2) -> 397354.01
B49: 6.3 | C49: Fundações - Arrasamento | D49: 5928 | E49: =D49+(D49*BDI!$D$24) -> 7722.9984 | F49: =E49*(1-$F$2) -> 7722.9984
B50: 6.4 | C50: Fundações - Armadura | D50: 32967 | E50: =D50+(D50*BDI!$D$24) -> 42949.408 | F50: =E50*(1-$F$2) -> 42949.408
B51: 6.5 | C51: Fundações - Concretagem | D51: 13275.676 | E51: =D51+(D51*BDI!$D$24) -> 17295.551 | F51: =E51*(1-$F$2) -> 17295.551
B52: 6.6 | C52: Dolfim - Superestrutura e Ensaios de prova de carga | D52: 36268.46 | E52: =D52+(D52*BDI!$D$24) -> 47250.55 | F52: =E52*(1-$F$2) -> 47250.55
B53: 7 | C53: PASSARELA METÁLICA | D53: =SUM(D54:D55) -> 668417.77 | E53: =SUM(E54:E55) -> 870814.67 | F53: =SUM(F54:F55) -> 870814.67
B54: 7.1 | C54: Passarelas - Fornecimento e Fabricação | D54: 528550.63 | E54: =D54+(D54*BDI!$D$24) -> 688595.76 | F54: =E54*(1-$F$2) -> 688595.76
B55: 7.2 | C55: Passarelas - Transporte e Instalação com guarda corpo | D55: 139867.14 | E55: =D55+(D55*BDI!$D$24) -> 182218.9 | F55: =E55*(1-$F$2) -> 182218.9
B56: 8 | C56: BLOCO DE APOIO DO PIPE RACK | D56: =SUM(D57:D64) -> 26223801 | E56: =SUM(E57:E64) -> 34164368 | F56: =SUM(F57:F64) -> 34164368
B57: 8.1 | C57: Fundações - Fabricação e Fornecimento | D57: 7228007.6 | E57: =D57+(D57*BDI!$D$24) -> 9416648.3 | F57: =E57*(1-$F$2) -> 9416648.3
A58: CPU00001 | B58: 8.2 | C58: Fundações - Cravação | D58: 15232390 | E58: =D58+(D58*BDI!$D$24) -> 19844758 | F58: =E58*(1-$F$2) -> 19844758
A59: CPU00003 | B59: 8.3 | C59: Fundações - Arrasamento | D59: 320112 | E59: =D59+(D59*BDI!$D$24) -> 417041.91 | F59: =E59*(1-$F$2) -> 417041.91
B60: 8.4 | C60: Fundações - Armadura | D60: 543296.16 | E60: =D60+(D60*BDI!$D$24) -> 707806.24 | F60: =E60*(1-$F$2) -> 707806.24
B61: 8.5 | C61: Fundações - Concretagem (in-loco) | D61: 406775.6 | E61: =D61+(D61*BDI!$D$24) -> 529947.25 | F61: =E61*(1-$F$2) -> 529947.25
B62: 8.6 | C62: Fundações - pré-moldados | D62: 753815.87 | E62: =D62+(D62*BDI!$D$24) -> 982071.31 | F62: =E62*(1-$F$2) -> 982071.31
B63: 8.7 | C63: Superestrutura - pré-moldados | D63: 1092595.3 | E63: =D63+(D63*BDI!$D$24) -> 1423433.1 | F63: =E63*(1-$F$2) -> 1423433.1
B64: 8.8 | C64: Superestrutura - in-loco | D64: 646808.14 | E64: =D64+(D64*BDI!$D$24) -> 842661.64 | F64: =E64*(1-$F$2) -> 842661.64
B65: 9 | C65: PIPE RACK (TIPOS 1 AO 10) | D65: =SUM(D66:D67) -> 8924216.1 | E65: =SUM(E66:E67) -> 11626469 | F65: =SUM(F66:F67) -> 11626469
B66: 9.1 | C66: Fornecimento e Fabricação | D66: 8584007.4 | E66: =D66+(D66*BDI!$D$24) -> 11183245 | F66: =E66*(1-$F$2) -> 11183245
B67: 9.2 | C67: Transporte e Instalação | D67: 340208.68 | E67: =D67+(D67*BDI!$D$24) -> 443223.87 | F67: =E67*(1-$F$2) -> 443223.87
B68: 10 | C68: ACESSÓRIOS e ENSAIOS | D68: =SUM(D69:D75) -> 7145948.8 | E68: =SUM(E69:E75) -> 8480172.5 | F68: =SUM(F69:F75) -> 8480172.5
B69: 10.1 | C69: Remoção das defensas e cabeços existentes | D69: 77484.98 | E69: =D69+(D69*BDI!$D$24) -> 100947.43 | F69: =E69*(1-$F$2) -> 100947.43
B70: 10.2 | C70: Defensas (novas) | D70: =1641079.68+(80352.28+20088.07) -> 1741520 | E70: =(1641079.68+(1641079.68*'BDI (Reduzido)'!D24))+((80352.28+20088.07)+(80352.28+20088.07)*BDI!D24) -> 2022690.3 | F70: =E70*(1-$F$2) -> 2022690.3
B71: 10.3 | C71: Ganchos de desengate rápido (novos) | D71: =(505232.11+2251766.3+1132385.54)+(19280.4+215856.45+86342.58) -> 4210863.4 | E71: =((505232.11+2251766.3+1132385.54)+(505232.11+2251766.3+1132385.54)*'BDI (Reduzido)'!D24)+((19280.4+215856.45+86342.58)+(19280.4+215856.45+86342.58)*BDI!D24) -> 4902505.2 | F71: =E71*(1-$F$2) -> 4902505.2
B72: 10.4 | C72: Escada de Marinheiro | D72: 110960.79 | E72: =D72+(D72*BDI!$D$24) -> 144559.72 | F72: =E72*(1-$F$2) -> 144559.72
B73: 10.5 | C73: Readequação do sistema de atracação a laser | D73: 120892.02 | E73: =D73+(D73*BDI!$D$24) -> 157498.12 | F73: =E73*(1-$F$2) -> 157498.12
B74: 10.6 | C74: Ensaio de prova de carga estático | D74: 871971.54 | E74: =D74+(D74*BDI!$D$24) -> 1136004.5 | F74: =E74*(1-$F$2) -> 1136004.5
B75: 10.7 | C75: Ensaios de prova de carga dinâmica | D75: 12256.05 | E75: =D75+(D75*BDI!$D$24) -> 15967.182 | F75: =E75*(1-$F$2) -> 15967.182
B76: 11 | C76: PREVISÃO DE ESTRUTURA PARA ELEVAÇÃO E ORGANIZAÇÃO DOS MANGOTES UTILIZADOS PARA CARREGAMENTO E DESCARREGAMENTO | D76: =SUM(D77:D78) -> 119268.82 | E76: =SUM(E77:E78) -> 155383.42 | F76: =SUM(F77:F78) -> 155383.42
B77: 11.1 | C77: Fabricação e Fornecimento | D77: 95415.06 | E77: =D77+(D77*BDI!$D$24) -> 124306.74 | F77: =E77*(1-$F$2) -> 124306.74
B78: 11.2 | C78: Transporte e instalação | D78: 23853.76 | E78: =D78+(D78*BDI!$D$24) -> 31076.679 | F78: =E78*(1-$F$2) -> 31076.679
B79: 12 | C79: INSTALAÇÕES ELÉTRICAS | D79: =SUM(D80:D85) -> 794629.72 | E79: =SUM(E80:E85) -> 1035243.6 | F79: =SUM(F80:F85) -> 1035243.6
B80: 12.1 | C80: Distribuição - Tubulações | D80: =187179.87+9081.54 -> 196261.41 | E80: =D80+(D80*BDI!$D$24) -> 255689.36 | F80: =E80*(1-$F$2) -> 255689.36
B81: 12.2 | C81: Distribuição - Cabeamento | D81: =413041.29-43049.596 -> 369991.69 | E81: =D81+(D81*BDI!$D$24) -> 482025.18 | F81: =E81*(1-$F$2) -> 482025.18
B82: 12.3 | C82: Distribuição - Tomadas de manutenção | D82: 7646.4 | E82: =D82+(D82*BDI!$D$24) -> 9961.7299 | F82: =E82*(1-$F$2) -> 9961.7299
B83: 12.4 | C83: Distribuição - Postes, luminárias, painéis e transformador | D83: =94874.42+43923.11 -> 138797.53 | E83: =D83+(D83*BDI!$D$24) -> 180825.42 | F83: =E83*(1-$F$2) -> 180825.42
B84: 12.7 | C84: Infraestrutura de CFTV | D84: 34734.48 | E84: =D84+(D84*BDI!$D$24) -> 45252.081 | F84: =E84*(1-$F$2) -> 45252.081
B85: 12.8 | C85: Aterramento e SPDA | D85: 47198.21 | E85: =D85+(D85*BDI!$D$24) -> 61489.828 | F85: =E85*(1-$F$2) -> 61489.828
B86: 13 | C86: SERVIÇOS FINAIS | D86: =SUM(D87:D88) -> 405041.37 | E86: =SUM(E87:E88) -> 527687.9 | F86: =SUM(F87:F88) -> 527687.9
B87: 13.1 | C87: Desmobilização e Limpeza | D87: 344413.77 | E87: =D87+(D87*BDI!$D$24) -> 448702.26 | F87: =E87*(1-$F$2) -> 448702.26
B88: 13.2 | C88: Data-book | D88: 60627.6 | E88: =D88+(D88*BDI!$D$24) -> 78985.637 | F88: =E88*(1-$F$2) -> 78985.637

Sheet BDI
B2: GOVERNO DO ESTADO DO PARANÁ
B3: PORTOS DO PARANÁ
C6: PRÓPRIO: | D6: =IF(#REF!<>"",#REF!," ") -> #REF!
A7: COMPOSIÇÃO DE BDI
A9: CUSTO TOTAL DO SERVIÇO (R$):
A10: ITEM | B10: DISCRIMINAÇÃO | C10: VALOR (R$) | D10: TAXA (%) | E10: OBSERVAÇÃO | F10: SITUAÇÃO DO INTERVALO ADMISSIVEL | G10: PARCELAS DO BDI - OBRAS PORTUÁRIAS (%)
G11: 1 Quartil | H11: Médio | I11: 3 Quartil
A12: 1 | B12: AC - ADMINISTRAÇÃO CENTRAL | C12: =ROUND(D12*$I$9,2) -> 0 | D12: 0.0552 | F12: =IF(AND(D12>=G12,D12<=I12),"OK","DIFERE") -> OK | G12: 0.0513 | H12: 0.0552 | I12: 0.0591 | J12: AC | K12: ADMINISTRAÇÃO CENTRAL
A13: 2 | B13: SG - SEGUROS + GARANTIA | C13: =ROUND(D13*$I$9,2) -> 0 | D13: 0.0122 | F13: =IF(AND(D13>=G13,D13<=I13),"OK","DIFERE") -> OK | G13: 0.0107 | H13: 0.0122 | I13: 0.0137 | J13: SG | K13: SEGUROS + GARANTIA
A14: 3 | B14: R - RISCOS | C14: =ROUND(D14*$I$9,2) -> 0 | D14: 0.0232 | F14: =IF(AND(D14>=G14,D14<=I14),"OK","DIFERE") -> OK | G14: 0.0196 | H14: 0.0232 | I14: 0.0268 | J14: R | K14: RISCOS
A15: 4 | B15: DF - DESPESAS FINANCEIRAS | C15: =D15*($I$9+C12+C13+C14) -> 0 | D15: 0.0102 | F15: =IF(AND(D15>=G15,D15<=I15),"OK","DIFERE") -> OK | G15: 0.0098 | H15: 0.0102 | I15: 0.0106 | J15: DF | K15: DESPESAS FINANCEIRAS
A16: 5 | B16: L - LUCRO BRUTO | C16: =D16*($I$9+C12+C13+C14+C15) -> 0 | D16: 0.0802 | F16: =IF(AND(D16>=G16,D16<=I16),"OK","DIFERE") -> OK | G16: 0.0802 | H16: 0.084 | I16: 0.0877 | J16: L | K16: LUCRO BRUTO
A17: 6 | B17: I - IMPOSTOS | C17: =C22-SUM(C12:C16) -> 0 | D17: =SUM(D18:D21) -> 0.0865 | J17: I | K17: IMPOSTOS
A18: 6.1 | B18: PIS | D18: 0.0065
A19: 6.2 | B19: COFINS | D19: 0.03
A20: 6.3 | B20: ISS (CONFORME LEGISLAÇÃO MUNICIPAL) | D20: 0.05
A21: 6.4 | B21: CONTRIB.PREV. SOBRE REC. BRUTA - CPRB
A22: TOTAL DO BDI (R$) | C22: =C23-I9 -> 0 | F22: Parâmetros do Acórdão 2.622/2013 - Plenário (Obras Portuárias)
A23: PREÇO DE VENDA (R$) | C23: =I9*(1+D24) -> 0 | F23: Sem CPRB | G23: 0.228 | H23: 0.2748 | I23: 0.3095
A24: BDI (%) | D24: =ROUND((((1+$D12+$D13+$D14)*(1+$D15)*(1+$D16)/(1-$D17)))-1,4) -> 0.3028 | E24: =IF(AND($D24>=$G24,$D24<=$I24),"OK","DIFERE") -> OK | F24: Com CPRB | G24: 0.2531 | H24: 0.3008 | I24: 0.3362
E28: Equação Acordão TCU 2.622/2013 - Plenário
A32: Onde:
A33: AC: taxa de administração central;
A34: S: taxa de seguros;
A35: G: taxa de garantias;
A36: R: taxa de riscos;
A37: DF: taxa de despesas financeiras;
A38: L: taxa de lucro/remuneração;
A39: I: taxa de incidência de impostos (PIS, COFINS, ISS, CPRB).

Sheet BDI (Reduzido)
B2: GOVERNO DO ESTADO DO PARANÁ
B3: PORTOS DO PARANÁ
C6: PRÓPRIO: | D6: =IF(#REF!<>"",#REF!," ") -> #REF!
A7: COMPOSIÇÃO DE BDI REDUZIDO
A9: CUSTO TOTAL DO SERVIÇO (R$):
A10: ITEM | B10: DISCRIMINAÇÃO | C10: VALOR (R$) | D10: TAXA (%) | E10: OBSERVAÇÃO | F10: SITUAÇÃO DO INTERVALO ADMISSIVEL | G10: PARCELAS DO BDI - OBRAS PORTUÁRIAS (%)
G11: 1 Quartil | H11: Médio | I11: 3 Quartil
A12: 1 | B12: AC - ADMINISTRAÇÃO CENTRAL | C12: =ROUND(D12*$I$9,2) -> 0 | D12: 0.0345 | F12: =IF(AND(D12>=G12,D12<=I12),"OK","DIFERE") -> OK | G12: 0.015 | H12: 0.0345 | I12: 0.0449 | J12: AC | K12: ADMINISTRAÇÃO CENTRAL
A13: 2 | B13: SG - SEGUROS + GARANTIA | C13: =ROUND(D13*$I$9,2) -> 0 | D13: 0.0048 | F13: =IF(AND(D13>=G13,D13<=I13),"OK","DIFERE") -> OK | G13: 0.003 | H13: 0.0048 | I13: 0.0082 | J13: SG | K13: SEGUROS + GARANTIA
A14: 3 | B14: R - RISCOS | C14: =ROUND(D14*$I$9,2) -> 0 | D14: 0.0085 | F14: =IF(AND(D14>=G14,D14<=I14),"OK","DIFERE") -> OK | G14: 0.0056 | H14: 0.0085 | I14: 0.0089 | J14: R | K14: RISCOS
A15: 4 | B15: DF - DESPESAS FINANCEIRAS | C15: =D15*($I$9+C12+C13+C14) -> 0 | D15: 0.0085 | F15: =IF(AND(D15>=G15,D15<=I15),"OK","DIFERE") -> OK | G15: 0.0085 | H15: 0.0085 | I15: 0.0111 | J15: DF | K15: DESPESAS FINANCEIRAS
A16: 5 | B16: L - LUCRO BRUTO | C16: =D16*($I$9+C12+C13+C14+C15) -> 0 | D16: 0.0511 | F16: =IF(AND(D16>=G16,D16<=I16),"OK","DIFERE") -> OK | G16: 0.035 | H16: 0.0511 | I16: 0.0622 | J16: L | K16: LUCRO BRUTO
A17: 6 | B17: I - IMPOSTOS | C17: =C22-SUM(C12:C16) -> 0 | D17: =SUM(D18:D21) -> 0.0365 | J17: I | K17: IMPOSTOS
A18: 6.1 | B18: PIS | D18: 0.0065
A19: 6.2 | B19: COFINS | D19: 0.03
A20: 6.3 | B20: ISS (CONFORME LEGISLAÇÃO MUNICIPAL) | D20: 0
A21: 6.4 | B21: CONTRIB.PREV. SOBRE REC. BRUTA - CPRB
A22: TOTAL DO BDI (R$) | C22: =C23-I9 -> 0
A23: PREÇO DE VENDA (R$) | C23: =I9*(1+D24) -> 0
A24: BDI (%) | D24: =ROUND((((1+$D12+$D13+$D14)*(1+$D15)*(1+$D16)/(1-$D17)))-1,4) -> 0.1528
E28: Equação Acordão TCU 2.622/2013 - Plenário
A32: Onde:
A33: AC: taxa de administração central;
A34: S: taxa de seguros;
A35: G: taxa de garantias;
A36: R: taxa de riscos;
A37: DF: taxa de despesas financeiras;
A38: L: taxa de lucro/remuneração;
A39: I: taxa de incidência de impostos (PIS, COFINS, ISS, CPRB).
